 Dungeon Sprint DCSS version 0.27.0-65-ge2af304b15 (webtiles) character file.

Game seed: 12701281885799340954

257 ABBCCCDDDD the Fighter (level 5, -9/47 HPs)
             Began as a Minotaur Berserker on Aug 18, 2021.
             Was a Believer of Trog.
             Mangled by a neqoxec (14 damage)
             ... in the Dungeon (Sprint II: "The Violet Keep of Menkaure").
             The game lasted 00:00:16 (26 turns).

ABBCCCDDDD the Fighter (Minotaur Berserker)           Turns: 26, Time: 00:00:17

Health: -9/47      AC:  2    Str: 22    XL:     5   Next: 93%
Magic:  4/4        EV: 14    Int:  4    God:    Trog [**....]
Gold:   0          SH:  0    Dex: 10    Spells: 4/4 levels left

rFire    . . .     SeeInvis .   a - +0 hand axe
rCold    . . .     Faith    .   (no shield)
rNeg     . . .     Spirit   .   b - +0 animal skin
rPois    .         Reflect  .   (helmet restricted)
rElec    .         Harm     .   (no cloak)
rCorr    .         Rampage  .   (no gloves)
Will     .....     NoTele   +   (no boots)
Stlth    +.........             (no amulet)
HPRegen  0.15/turn              (no ring)
MPRegen  0.09/turn              (no ring)

@: on berserk cooldown, slowed, very slow
A: horns 2, retaliatory headbutt, frail 1
a: Renounce Religion, Berserk, Trog's Hand


You were in the Dungeon.
You worshipped Trog.
Trog was pleased with you.
You visited 1 branch

Inventory:

Hand Weapons
 a - a +0 hand axe (weapon)
Armour
 b - a +0 animal skin (worn)
Scrolls
 h - a scroll of blinking
Potions
 c - a potion of curing
 d - a potion of heal wounds
 e - a potion of haste
 f - 2 potions of magic
 g - a potion of berserk rage


   Skills:
 + Level 8.2 Fighting
 + Level 8.2 Axes
 + Level 7.7 Armour
 + Level 7.0 Dodging


You had 4 spell levels left.
You didn't know any spells.
Your spell library was empty.

Dungeon Overview and Level Annotations

Branches:
Dungeon (1/1)

Altars:


Innate Abilities, Weirdness & Mutations

You have a pair of horns on your head.
You reflexively headbutt those who attack you in melee.
You are frail. (-10% HP)


Message History

* * * LOW HITPOINT WARNING * * *
You barely miss the neqoxec. Your headbutt misses the neqoxec.
The neqoxec is heavily wounded.
The neqoxec hits you.
* * * LOW HITPOINT WARNING * * *
You slash the neqoxec!
You kill the neqoxec!
Trog accepts your kill.
You can now call upon Trog for regeneration and willpower.
You are no longer berserk.
You are exhausted.
You feel yourself slow down.
You hear a shout!
Your Fighting skill gained 2 levels and is now at level 8!
Your Axes skill gained 2 levels and is now at level 8!
Your Armour skill increases to level 7!
Your Dodging skill gained 2 levels and is now at level 7!
You have reached level 5!
A neqoxec comes into view.
There is an open door, spattered with blood here.
You close the door.
A neqoxec opens the door.
You slash the neqoxec!
The neqoxec is moderately wounded.
The neqoxec closely misses you. You furiously retaliate!
You headbutt the neqoxec! You closely miss the neqoxec.
The neqoxec is heavily wounded.
The neqoxec barely misses you. You furiously retaliate!
You headbutt the neqoxec. You closely miss the neqoxec.
The neqoxec is severely wounded.
The neqoxec closely misses you. The neqoxec barely misses you.
You hit the neqoxec. Your headbutt misses the neqoxec.
The neqoxec is severely wounded.
The neqoxec hits you.
* * * LOW HITPOINT WARNING * * *
You hit the neqoxec.
The neqoxec is almost dead.
The neqoxec hits you!
You die... ## ## .# #. ## l#l

#.###+#
#.##.##
##3@<.+
###.##
#+#


You could see a neqoxec.

Levels and vault maps discovered:
D:        the_violet_keep_of_menkaure [sprint2_stairs_cluster_1,
          sprint2_shoproom, sprint2_temple, sprint2_basic_supplies,
          sprint2_obstacle_6, sprint2_obstacle_2, sprint2_obstacle_5,
          sprint2_obstacle_3, sprint2_obstacle_1, sprint2_timed_cluster_1,
          sprint2_smallroom_cluster_1, sprint2_smallroom_final_cluster_1,
          sprint2_transparent_cluster_1, sprint2_second_timed_cluster_1,
          sprint2_sniper_area_1, sprint2_heavy_combat_area_1,
          sprint2_mutation_trap_area_1, sprint2_forest_area_1,
          sprint2_light_combat_area_1, sprint2_behind_water_1,
          sprint2_near_end_vault_1]

Notes
Turn   | Place    | Note
-------+----------+-------------------------------------------
     0 | D        | ABBCCCDDDD the Minotaur Berserker began the quest for the
                  | Orb.
     0 | D        | Reached XP level 1. HP: 19/19 MP: 0/0
     1 | D        | Noticed a wyvern
     1 | D        | Noticed a wyvern
     4 | D        | Noticed a neqoxec
     4 | D        | Gained mutation: You are frail. (-10% HP) [a neqoxec]
     7 | D        | Noticed a neqoxec
    11 | D        | Killed a neqoxec
    12 | D        | Reached skill level 5 in Dodging
    12 | D        | Reached XP level 2. HP: 23/27 MP: 1/1
    12 | D        | Reached XP level 3. HP: 30/34 MP: 2/2
    12 | D        | Reached XP level 4. HP: 35/40 MP: 3/3
    18 | D        | Killed a neqoxec
    18 | D        | Reached ** piety under Trog
    19 | D        | Reached XP level 5. HP: 5/47 MP: 4/4
    19 | D        | Noticed a neqoxec
    25 | D        | Killed a water moccasin
    26 | D        | Mangled by a neqoxec

Table legend: (Time is in decaauts)
 A = Elapsed time spent in this place.
 B = Non-inter-level travel time spent in this place.
 C = Inter-level travel time spent in this place.
 D = Time resting spent in this place.
 E = Time spent auto-exploring this place.
 F = Levels seen in this place.
 G = Mean time per level.
                   A        B        C        D        E       F      G
               +--------+--------+--------+--------+--------+-----+--------+
         Total |     24 |     24 |      0 |      0 |      0 |   1 |   24.0 |
       Dungeon |     24 |     24 |      0 |      0 |      0 |   1 |   24.0 |
               +--------+--------+--------+--------+--------+-----+--------+

Top non-repeatable levels by time:
       D: 24 daAuts

Table legend:
 A = Kills in this place as a percentage of kills in entire the game.
 B = Kills by you in this place as a percentage of kills by you in the entire game.
 C = Kills by friends in this place as a percentage of kills by friends in the entire game.
 D = Other kills in this place as a percentage of other kills in the entire game.
 E = Experience gained in this place as a percentage of experience gained in the entire game.
 F = Experience gained in this place divided by the number of levels of this place that you have seen.
                   A       B       C       D       E      F
               +-------+-------+-------+-------+-------+----------------------
         Total | 100.0 | 100.0 |   N/A |   N/A | 100.0 | 368.0
       Dungeon | 100.0 | 100.0 |   N/A |   N/A | 100.0 | 368.0
               +-------+-------+-------+-------+-------+----------------------

Action                   |  1- 3 |  4- 6 || total
-------------------------+-------+-------++-------
Melee: Hand axe          |     5 |    11 ||    16
       Headbutt          |     1 |       ||     1
Invok: Berserk           |     1 |       ||     1
Dodge: Dodged            |     1 |     4 ||     5

Vanquished Creatures
  2 neqoxecs (D)
2 creatures vanquished.

Vanquished Creatures (others)
  A water moccasin (D)
1 creature vanquished.

Grand Total: 3 creatures vanquished
